 Dungeon Crawl Stone Soup version 0.30-a0-358-g0d69a1922f (webtiles) character file.

Game seed: 18247609482406498202

22 Mgcat the Trooper (level 2, 0/32 HPs)
             Began as an Ogre Fighter on Nov 8, 2022.
             Slain by Terence
             ... wielding a +0 mace
              (2 damage)
             ... on level 2 of the Dungeon.
             The game lasted 00:00:58 (915 turns).

Mgcat the Trooper (Ogre Fighter)                     Turns: 915, Time: 00:00:58

Health: 0/32       AC:  3    Str: 19    XL:     2   Next: 91%
Magic:  2/2        EV:  8    Int:  9    God:
Gold:   45         SH:  7    Dex:  8    Spells: 1/1 levels left

rFire   . . .      SeeInvis .    a - +0 war axe
rCold   . . .      Faith    .    c - +0 kite shield
rNeg    . . .      Spirit   .    b - +0 robe
rPois   .          Reflect  .    (helmet restricted)
rElec   .          Harm     .    (no cloak)
rCorr   .          Rampage  .    (gloves unavailable)
Will    .....                    (boots unavailable)
Stlth   +.........               (no amulet)
HPRegen 0.25/turn                (no ring)
MPRegen 0.08/turn                (no ring)

@: mighty
A: large, unfitting armour, tough skin 1
a: no special abilities


You were on level 2 of the Dungeon.
You visited 1 branch of the dungeon, and saw 2 of its levels.

You collected 45 gold pieces.

Inventory:

Hand Weapons
 a - a +0 war axe (weapon)
Armour
 b - a +0 robe (worn)
 c - a +0 kite shield (worn)
Jewellery
 h - a +4 ring of protection
   (You found it on level 1 of the Dungeon)
Scrolls
 e - a scroll of amnesia {unknown}
 f - a scroll of brand weapon {unknown}
 j - 3 scrolls of teleportation {unknown}
 k - 3 scrolls of identify {unknown}
 o - a scroll of fear {unknown}
 p - a scroll of magic mapping {unknown}
Potions
 g - a potion of lignification {unknown}
 i - 2 potions of curing {unknown}
 l - a potion of heal wounds {unknown}
 m - a potion of degeneration {unknown}
 n - a potion of berserk rage {unknown}


   Skills:
 + Level 4.3 Fighting
 * Level 2.5 Axes
 + Level 2.9 Dodging
 + Level 3.2 Shields


You had one spell level left.
You didn't know any spells.
Your spell library contained the following spells:

 Spells                   Type           Power      Damage    Failure   Level
 Ignite Poison            Fire/Tmut/Pois 0%         N/A       96%         3
 Sticky Flame             Conj/Fire      0%         2d3       100%        4
 Ignition                 Fire           0%         3d3       100%        8


Dungeon Overview and Level Annotations

Branches:
Dungeon (2/15)

Altars:

Shops:
D:2 [[

Annotations:
D:2 Terence


Innate Abilities, Weirdness & Mutations

You are too large for most types of armour.
You have tough skin. (AC +1)


Message History

You kill the quokka!
No target in view!
No target in view!
You see here a +2 vorpal trident.
p - a scroll labelled MOC FAOQACH You open the door.
There is an open door here.
j - 3 scrolls labelled OXU ZOOFECZESO (gained 1)
Found a stone staircase leading down.
You see here a +0 dagger.
A goblin comes into view. It is wielding a +0 dagger.
A goblin is nearby!
The goblin shouts!
Found a stone staircase leading up.
The goblin unwields a +0 dagger.
The goblin wields a +0 sling.
The goblin shoots a sling bullet.
The sling bullet hits you but does no damage.
A bat comes into view.
The goblin shoots a sling bullet.
You block the sling bullet. The bat hits you.
The goblin unwields a +0 sling.
The goblin wields a +0 dagger.
You block the goblin's attack.
You take 1 damage, and have 31/32 hp.
You slash the goblin!
You kill the goblin!
The bat hits you. You block the bat's attack.
You take 1 damage, and have 30/32 hp.
You closely miss the bat. The bat closely misses you.
You block the bat's attack.
You hit the bat.
You kill the bat!
No target in view!
No target in view!
No target in view!
HP restored.
You now have 45 gold pieces (gained 9).
You see here the +2 ring mail of the Moneychanger {+Blink}.
Health restored: 32 You see here the +2 ring mail of the Moneychanger {+Blink}.
You open the door. You open the door.
Terence the Incautious comes into view.
He is wielding a +0 mace.
Marking area around Terence as unsafe for travelling.
Unknown command.
No reachable target in view!
No reachable target in view!
Terence shouts!
An endoplasm comes into view.
The endoplasm quivers.
The endoplasm moves out of view.
You block Terence's attack.
You hit Terence.
Terence is lightly wounded.
Terence closely misses you.
You closely miss Terence.
Terence is lightly wounded.
Terence closely misses you. The endoplasm freezes you.
You are frozen.
Terence says, "Rest in peace."
Terence hits you but does no damage.
You take 4 damage, and have 28/32 hp.
You hit Terence but do no damage.
Terence is lightly wounded.
You hit the endoplasm. You block the endoplasm's attack.
Terence hits you with a +0 mace. Terence hits you with a +0 mace!
The endoplasm freezes you.
You are frozen.
You take 13 damage, and have 15/32 hp.
MASSIVE DAMAGE!!
You hit Terence.
Terence is lightly wounded.
You slash the endoplasm!
You kill the endoplasm!
Terence looks scornfully at you. Terence hits you with a +0 mace.
You take 3 damage, and have 12/32 hp.
You hit Terence.
Terence is moderately wounded.
Terence completely misses you. Terence barely misses you.
You completely miss Terence.
Terence is moderately wounded.
Terence barely misses you.
You feel very mighty all of a sudden. Terence hits you with a +0 mace!
* * * LOW HITPOINT WARNING * * *
You take 7 damage, and have 6/32 hp.
MASSIVE DAMAGE!!
You hit Terence.
Terence is heavily wounded.
You block Terence's attack.
You barely miss Terence.
Terence is heavily wounded.
Terence closely misses you. You block Terence's attack.
You slash Terence!
Terence is almost dead.
Terence shouts, "DIE!!!"
Terence hits you with a +0 mace.
* * * LOW HITPOINT WARNING * * *
You take 6 damage, and have 1/32 hp.
You barely miss Terence.
Terence is almost dead.
Terence hits you with a +0 mace.
You die...

#. #. #.######### ## #....
.... .## #.......#$#
..############...#......
............)...@.......
.##.########....@# .##.###
#...#.#
.##...##########.#.####
#####...##.............#
......#.##.#####.#.###.#
#####......#.....#...#.#
....#...####.####......#
....#..................+
....#.........#.#......#..


You could see Terence.

Vanquished Creatures
  A dart slug (D:1)
  2 bats
  2 endoplasms
  2 giant cockroaches
  4 goblins
  A hobgoblin (D:1)
  2 kobolds (D:1)
  A quokka (D:2)
  A frilled lizard (D:1)
16 creatures vanquished.

Notes
Turn   | Place    | Note
-------+----------+-------------------------------------------
     0 | D:1      | Mgcat the Ogre Fighter began the quest for the Orb.
     0 | D:1      | Reached XP level 1. HP: 24/24 MP: 1/1
   260 | D:1      | Reached XP level 2. HP: 32/32 MP: 2/2
   677 | D:2      | Found Veajah's Armour Boutique.
   698 | D:2      | Found Niepreav's Antique Armour Shoppe.
   848 | D:2      | Identified the +2 ring mail of the Moneychanger {+Blink}
   901 | D:2      | Noticed Terence
   911 | D:2      | HP: 6/32 [Terence/+0 mace (7)]
   914 | D:2      | HP: 1/32 [Terence/+0 mace (6)]
   915 | D:2      | Slain by Terence

Illustrated notes

Levels and vault maps discovered:
D:1:      dpeg_arrival_fog, layout_loops_cross, serial_glass, glass_columns_b,
          glass_columns_c, glass_columns_b, glass_columns_b,
          minmay_misc_feat_hallway
D:2:      minmay_evil_eye, layout_basic, basic_altar, serial_shops,
          nicolae_shop_temple_entry_statues_fountains, nicolae_diamond_shop,
          nicolae_shop_crystal, uniq_terence

Action                   || total
-------------------------++-------
Melee: War axe           ||    35
  Use: Potion            ||     1
Armor: Robe              ||    10
Dodge: Dodged            ||    20
Block: Kite shield       ||    19

Table legend: (Time is in decaauts)
 A = Elapsed time spent in this place.
 B = Non-inter-level travel time spent in this place.
 C = Inter-level travel time spent in this place.
 D = Time resting spent in this place.
 E = Time spent auto-exploring this place.
 F = Levels seen in this place.
 G = Mean time per level.
                   A        B        C        D        E       F      G
               +--------+--------+--------+--------+--------+-----+--------+
         Total |    932 |    910 |     22 |      0 |    782 |   2 |  466.0 |
       Dungeon |    932 |    910 |     22 |      0 |    782 |   2 |  466.0 |
               +--------+--------+--------+--------+--------+-----+--------+

Top non-repeatable levels by time:
     D:1: 682 daAuts
     D:2: 250 daAuts

Table legend:
 A = Kills in this place as a percentage of kills in entire the game.
 B = Kills by you in this place as a percentage of kills by you in the entire game.
 C = Kills by friends in this place as a percentage of kills by friends in the entire game.
 D = Other kills in this place as a percentage of other kills in the entire game.
 E = Experience gained in this place as a percentage of experience gained in the entire game.
 F = Experience gained in this place divided by the number of levels of this place that you have seen.
                   A       B       C       D       E      F
               +-------+-------+-------+-------+-------+----------------------
         Total | 100.0 | 100.0 |   N/A |   N/A | 100.0 |  16.0
       Dungeon | 100.0 | 100.0 |   N/A |   N/A | 100.0 |  16.0
               +-------+-------+-------+-------+-------+----------------------
